 Dungeon Crawl Stone Soup version 0.27-a0-1186-g8b4daa1eef (webtiles) character file.

Game seed: 17693601857349906357

23 rocky1 the Shield-Bearer (level 3, -5/24 HPs)
             Began as a Gargoyle Fighter on May 20, 2021.
             Slain by a worm (7 damage)
             ... on level 2 of the Dungeon.
             The game lasted 00:01:35 (1180 turns).

rocky1 the Shield-Bearer (Gargoyle Fighter)         Turns: 1180, Time: 00:01:36

Health: -5/24      AC: 10    Str: 19    XL:     3   Next: 0%
Magic:  3/3        EV:  7    Int:  8    God:
Gold:   28         SH:  9    Dex: 10    Spells: 2/2 levels left

rFire    . . .     SeeInvis .   a - +0 flail
rCold    . . .     Faith    .   c - +0 kite shield
rNeg     + . .     Spirit   .   b - +0 scale mail
rPois    ∞         Reflect  .   (no helmet)
rElec    +         Harm     .   (no cloak)
rCorr    .         Rampage  .   (no gloves)
Will     .....                  (no boots)
Stlth    ..........             (no amulet)
HPRegen  0.08/turn              (no ring)
MPRegen  0.08/turn              (no ring)

@: no status effects
A: sickness immunity, AC +3, negative energy resistance 1, electricity
resistance, torment resistance 1, petrification resistance
a: no special abilities


You were on level 2 of the Dungeon.
You visited 1 branch of the dungeon, and saw 2 of its levels.

You collected 28 gold pieces.

Inventory:

Hand Weapons
 a - a +0 flail (weapon)
Armour
 b - a +0 scale mail (worn)
 c - a +0 kite shield (worn)
Scrolls
 e - a scroll of magic mapping {unknown}
 f - 2 scrolls of amnesia {unknown}
 m - a scroll of fog {unknown}
Potions
 d - a potion of might
 g - a potion of lignification {unknown}
 h - a potion of haste {unknown}
 i - a potion of curing {unknown}
 j - a potion of brilliance {unknown}
 k - a potion of degeneration {unknown}
 l - a potion of attraction {unknown}
 n - a potion of heal wounds {unknown}
 o - a potion of flight {unknown}


   Skills:
 + Level 3.7 Fighting
 + Level 2.5 Maces & Flails
 - Level 3.2 Armour
 + Level 3.7 Shields


You had 2 spell levels left.
You didn't know any spells.
Your spell library contained the following spells:

 Spells                   Type           Power      Damage    Failure   Level
 Magic Dart               Conj           0%         1d3       99%         1
 Blink                    Tloc           N/A        N/A       100%        2
 Call Imp                 Summ           0%         N/A       100%        2
 Slow                     Hex            0%         N/A       100%        2
 Conjure Flame            Conj/Fire      0%         6-21      100%        3
 Mephitic Cloud           Conj/Pois/Air  0%         N/A       100%        3


Dungeon Overview and Level Annotations

Branches:
Dungeon (2/15)

Altars:
Xom


Innate Abilities, Weirdness & Mutations

You are immune to sickness and miasma.
Your stone body is resilient. (AC +3)
You are immune to poison.
You resist negative energy. (rN+)
You are resistant to electric shocks. (rElec)
You are resistant to unholy torment.
You are immune to petrification.


Message History

The endoplasm is heavily wounded.
The endoplasm barely misses you.
You hit the endoplasm.
You kill the endoplasm!
No target in view!
No target in view!
There is a shimmering altar of Xom here.
o - a sedimented red potion
Found an escape hatch in the ceiling.
A worm comes into view.
Found a stone staircase leading up.
A kobold comes into view. It is wielding a +0 short sword.
The kobold shouts!
You barely miss the kobold. You block the kobold's attack.
You sock the kobold!
You kill the kobold!
You have reached level 3!
Your experience leads to an increase in your attributes!
Increase (S)trength, (I)ntelligence, or (D)exterity?
You feel agile.
You hit the worm but do no damage. The worm bites you.
You hit the worm.
The worm is lightly wounded.
You hit the worm.
The worm is moderately wounded.
The worm bites you.
You barely miss the worm.
The worm is lightly wounded.
The worm bites you!
You are too injured to fight recklessly!
You are too injured to fight recklessly!
You are too injured to fight recklessly!
You hit the worm but do no damage.
The worm is lightly wounded.
The worm bites you!
* * * LOW HITPOINT WARNING * * *
You sock the worm!
The worm is heavily wounded.
The worm bites you!
You die...

..# # #.#
###.#####.# ...
..##.#
#####.##.##.#
......)#.##.#
#####.......######
.<.....@.........#
######.w###.###..#
#..# #.# #..# #..#
#.# #..## #..#
#.###...## #...
.....#...## ....
<###.#.##.####
.... . #..........
....###†.....####


You could see a worm.

Vanquished Creatures
  2 ball pythons
  3 bats (D:1)
  3 endoplasms
  A goblin (D:1)
  4 hobgoblins
  2 quokkas (D:1)
  2 frilled lizards (D:1)
  2 kobolds
  3 rats
22 creatures vanquished.

Notes
Turn   | Place    | Note
-------+----------+-------------------------------------------
     0 | D:1      | rocky1 the Gargoyle Fighter began the quest for the Orb.
     0 | D:1      | Reached XP level 1. HP: 14/14 MP: 1/1
   197 | D:1      | Reached XP level 2. HP: 19/19 MP: 2/2
  1129 | D:2      | Found a shimmering altar of Xom.
  1174 | D:2      | Reached XP level 3. HP: 24/24 MP: 3/3
  1179 | D:2      | HP: 1/24 [worm (7)]
  1180 | D:2      | Slain by a worm

Illustrated notes

Levels and vault maps discovered:
D:1:      minmay_arrival_four_houses, layout_basic
D:2:      layout_loops_ring, basic_ecumenical_altar, basic_altar

Action                   || total
-------------------------++-------
Melee: Flail             ||    62
Armor: Scale mail        ||    24
Dodge: Dodged            ||    14
Block: Kite shield       ||    35

Table legend: (Time is in decaauts)
 A = Elapsed time spent in this place.
 B = Non-inter-level travel time spent in this place.
 C = Inter-level travel time spent in this place.
 D = Time resting spent in this place.
 E = Time spent auto-exploring this place.
 F = Levels seen in this place.
 G = Mean time per level.
                   A        B        C        D        E       F      G
               +--------+--------+--------+--------+--------+-----+--------+
         Total |   1211 |   1180 |     31 |      0 |   1015 |   2 |  605.5 |
       Dungeon |   1211 |   1180 |     31 |      0 |   1015 |   2 |  605.5 |
               +--------+--------+--------+--------+--------+-----+--------+

Top non-repeatable levels by time:
     D:1: 1125 daAuts
     D:2: 86 daAuts
